 Dungeon Crawl Stone Soup version 0.22-a0-525-gf69a080 (webtiles) character file.

398 kae the Insei (level 6, 0/70 HPs)
             Began as a Demonspawn Transmuter on June 20, 2018.
             Slain by a sky beast (6 damage)
             ... on level 5 of the Dungeon.
             The game lasted 00:04:17 (4944 turns).

kae the Insei (Demonspawn Transmuter)               Turns: 4944, Time: 00:04:18

Health: 0/70       AC: 23    Str: 11      XL:     6   Next: 53%
Magic:  8/11       EV:  2    Int: 12 (14) God:
Gold:   370        SH:  0    Dex: 15      Spells: 5/11 levels left

rFire    . . .     SeeInvis .     - Unarmed
rCold    . . .     Gourm    .   (no shield)
rNeg     + + +     Faith    .   (armour currently unavailable)
rPois    +         Spirit   .   (helmet currently unavailable)
rElec    .         Reflect  .   (cloak currently unavailable)
rCorr    .         Harm     .   (gloves currently unavailable)
MR       .....     NoTele   +   (boots currently unavailable)
Stlth    ..........             (no amulet)
HPRegen  0.21/turn              i - ring of loudness (curse)
MPRegen  0.12/turn              (no ring)

@: lethally poisoned (0 -> -3), tree-form
A: powered by pain 1
a: no special abilities


You were on level 5 of the Dungeon.
You were hungry.
You were a tree.
You visited 1 branch of the dungeon, and saw 6 of its levels.

You collected 370 gold pieces.

Inventory:

Missiles
 a - 65 arrows
Armour
 b - a +0 robe (melded)
 k - a +0 pair of boots (melded)
Jewellery
 f - a cursed amulet of inaccuracy
 i - a cursed ring of loudness (left branch)
Scrolls
 e - a scroll of amnesia
Potions
 c - a potion of haste
Comestibles
 d - 10 rations


   Skills:
 + Level 3.0 Fighting
 - Level 1.7 Dodging
 * Level 4.7 Unarmed Combat
 + Level 3.3 Spellcasting
 + Level 3.2 Transmutations


You had 5 spell levels left.
You knew the following spells:

 Your Spells              Type           Power        Failure   Level  Hunger
a - Beastly Appendage     Tmut           #.....       6%          1    #......
b - Sticks to Snakes      Tmut           #.......     10%         2    ##.....
c - Spider Form           Tmut/Pois      #.........   36%         3    ###....

Your spell library contained the following spells:

 Spells                   Type           Power        Failure   Level  Hunger
 Blade Hands              Tmut           #.........   87%         5    ######.
 Ice Form                 Ice/Tmut       #.......     77%         4    #####..


Dungeon Overview and Level Annotations

Branches:
Dungeon (6/15)
 Temple: D:4-7

Altars:
Cheibriados

Shops:
D:6 %[


Innate Abilities, Weirdness & Mutations

((You are partially covered in icy blue scales. (AC +2)))
You sometimes gain a little power by taking damage.


Message History

You hit something.
You feel sick. Something hits you but does no damage.
You hit something. Something hits you. Something shocks you.
You bite something!
You feel sick. Something hits you.
* * * LOW HITPOINT WARNING * * *
Something shocks you.
* * * LOW HITPOINT WARNING * * *
Your transformation has ended.
Your +0 pair of boots unmelds from your body.
Your +0 robe unmelds from your body.
You turn into a tree.
Your +0 pair of boots melds into your body.
Your +0 robe melds into your body.
Your roots penetrate the ground.
You feel sick.
A sky beast appears from thin air!
Reactivating autopickup.
The sky beast hits you but does no damage.
You barely miss the sky beast.
The sky beast is severely wounded.
The sky beast hits you.
* * * LOW HITPOINT WARNING * * *
The sky beast shocks you.
You die...

#.##.###.##[....
#....# #.....#
####.###.###.#
##...## .# ###.##
.# #...# ### #
#.### ..####.# #.#
#.#....# #.# #.#♣#
#.# ##.#Y#####.##
#.#
#####.........?.#
#.#
#...............#
##.##
#.###..#.######...
#...###.# #.>#.# #
#.#.....# #..#.#
#...##### #..#.#
##### #..#.#


You could see a sky beast.

Vanquished Creatures
  A scorpion (D:6)
  A bullfrog zombie (D:5)
  A bullfrog skeleton (D:5)
  Natasha (twice) (D:2)
  An iguana (D:6)
  A worker ant (D:5)
  2 adders
  8 gnolls
  A shadow imp (D:6)
  2 oozes
  A worm (D:3)
  A dart slug (D:1)
  2 leopard geckos
  6 orcs
  8 bats
  7 giant cockroaches
  5 hobgoblins
  9 kobolds
  2 quokkas
  A frilled lizard (D:1)
  9 goblins
  4 rats
75 creatures vanquished.

Vanquished Creatures (collateral kills)
  A bat (D:1)
1 creature vanquished.

Grand Total: 76 creatures vanquished

Notes
Turn   | Place    | Note
-------+----------+-------------------------------------------
     0 | D:1      | kae the Demonspawn Transmuter began the quest for the Orb.
     0 | D:1      | Reached XP level 1. HP: 15/15 MP: 3/3
   162 | D:1      | Gained mutation: You are partially covered in icy blue scales. (AC +2) [demonic ancestry]
   162 | D:1      | Reached XP level 2. HP: 16/21 MP: 3/5
   182 | D:1      | Learned a level 2 spell: Sticks to Snakes
   217 | D:1      | Reached skill level 3 in Unarmed Combat
   993 | D:2      | Reached XP level 3. HP: 19/26 MP: 4/6
   998 | D:2      | Learned a level 3 spell: Spider Form
  1450 | D:2      | Noticed Natasha
  1459 | D:2      | Killed Natasha
  1459 | D:2      | Gained mutation: You sometimes gain a little power by taking damage. [demonic ancestry]
  1459 | D:2      | Reached XP level 4. HP: 26/33 MP: 3/7
  1712 | D:2      | Noticed Natasha
  1724 | D:2      | Killed Natasha
  2017 | D:2      | Found a snail-covered altar of Cheibriados.
  2777 | D:2      | Reached XP level 5. HP: 25/38 MP: 6/9
  3364 | D:3      | Reached skill level 4 in Unarmed Combat
  4386 | D:4      | You fall through a shaft for 2 floors!
  4392 | D:6      | Reached XP level 6. HP: 45/46 MP: 6/10
  4428 | D:6      | Found Masyqy's Antique Armour Boutique.
  4473 | D:6      | Found Osaax's Food Emporium.
  4642 | D:5      | Entered Level 5 of the Dungeon
  4925 | D:5      | Noticed a sky beast
  4944 | D:5      | Slain by a sky beast

Vault maps used:
D:1:      ncdulo_smallfort, minmay_curled_crystal
D:2:      lemuel_round_altar, uniq_natasha
D:4:      temple_doors_e, gammafunk_ghost_necromancy, kennysheep_nondescript,
          grunt_decor_fettered
D:5:      first_ration, gammafunk_ghost_grave
D:6:      serial_shops, shop, shop_coins,
          nicolae_shop_competitors_out_of_business

Skill      XL: |  1  2  3  4  5  6 |
---------------+-------------------+-----
Unarmed Combat | 3 4 |  4.7
Transmutations | 2 3 |  3.2
Fighting       | 2 3 |  3.0
Spellcasting   | 3 |  3.3
Dodging        | |  1.7

Action                   |  1- 3 |  4- 6 || total
-------------------------+-------+-------++-------
Melee: Unarmed           |   112 |   213 ||   325
       Headbutt          |     4 |     4 ||     8
       Kick              |     5 |     1 ||     6
       Punch             |     2 |     1 ||     3
 Cast: Beastly Appendage |    10 |     7 ||    17
       Sticks to Snakes  |     2 |       ||     2
       Spider Form       |     1 |    10 ||    11
  Use: Scroll            |     3 |     3 ||     6
       Potion            |       |     5 ||     5
 Stab: Sleeping          |     2 |     3 ||     5
       Invisible         |       |     2 ||     2
  Eat: Chunk             |     2 |    13 ||    15
Armor: Robe              |    29 |    68 ||    97
       Skin              |       |     9 ||     9
Dodge: Dodged            |    91 |   189 ||   280

Table legend:
 A = Spawn XP
 B = Non-spawn XP
 C = Spawn XP percentage of total XP
 D = Spawn monster count
 E = Non-spawn monster count
 F = Spawn count percentage of total count
 G = Total turns spent on level
                    A         B        C        D         E        F      G
               +---------+---------+-------+---------+---------+-------+---------
         Total |       0 |     569 |   0.0 |       0 |      76 |   0.0 |  4944
               +---------+---------+-------+---------+---------+-------+---------
           D:1 |       0 |      54 |   0.0 |       0 |      24 |   0.0 |  1446
           D:2 |       0 |     161 |   0.0 |       0 |      24 |   0.0 |  1713
           D:3 |       0 |      31 |   0.0 |       0 |      11 |   0.0 |   779
           D:4 |       0 |      72 |   0.0 |       0 |       8 |   0.0 |   448
           D:5 |       0 |     131 |   0.0 |       0 |       4 |   0.0 |   302
           D:6 |       0 |     120 |   0.0 |       0 |       5 |   0.0 |   256
               +---------+---------+-------+---------+---------+-------+---------
